 Dungeon Crawl Stone Soup version 0.31-a0-986-g5e6e4ef867 (webtiles) character file.

Game seed: 18103926428705890111

64 Sanktem7 the Trooper (level 3, 0/33 HPs)
             Began as a Minotaur Fighter on Nov 9, 2023.
             Slain by an ogre
             ... wielding a +0 giant spiked club
              (16 damage)
             ... on level 2 of the Dungeon.
             The game lasted 00:02:01 (1063 turns).

Sanktem7 the Trooper (Minotaur Fighter)             Turns: 1063, Time: 00:02:01

Health: 0/33       AC: 12    Str: 22    XL:     3   Next: 91%
Magic:  2/2        EV:  8    Int:  5    God:
Gold:   53         SH:  4    Dex:  9    Spells: 2/2 levels left

rFire   . . .        a - +0 war axe {axe}
rCold   . . .        c - +0 buckler
rNeg    . . .        g - +0 chain mail
rPois   .            o - +1 hat
rElec   .            p - +0 cloak
rCorr   .            (no gloves)
SInv    .            j - +0 pair of boots
Will    .....        b - amulet of the acrobat Stlth
                     (no ring)
HPRegen 0.25/turn    (no ring)
MPRegen 0.08/turn

%: acrobat
@: no status effects
A: horns 2, retaliatory headbutt
a: no special abilities


You were on level 2 of the Dungeon.
You visited 1 branch of the dungeon, and saw 2 of its levels.

You collected 53 gold pieces.


Innate Abilities, Weirdness & Mutations

You have a pair of horns on your head.
You reflexively headbutt those who attack you in melee.


   Skills:
 + Level 4.1 Fighting
 * Level 3.6 Axes
 + Level 0.9 Throwing
 + Level 4.0 Armour
 + Level 4.1 Shields


You had 2 spell levels left.
You didn't know any spells.
Your spell library contained the following spells:

 Spells                   Type           Power      Damage    Failure   Level
 Apportation              Tloc           0%         N/A       99%         1
 Sting                    Tmut/Pois      0%         1d3       99%         1
 Jinxbite                 Hex            0%         N/A       99%         2
 Poisonous Vapours        Pois/Air       0%         N/A       99%         2
 Olgreb's Toxic Radiance  Pois           0%         N/A       100%        4
 Alistair's Intoxication  Tmut/Pois      0%         N/A       100%        5

Inventory:

Hand Weapons
 a - a +0 war axe (weapon) {axe}
 h - a +2 short sword of protection {short}
   (You took it off a kobold on level 1 of the Dungeon)
Missiles
 i - 14 stones {throwing}
Armour
 c - a +0 buckler (worn)
 g - a +0 chain mail (worn)
   (You found it on level 1 of the Dungeon)
 j - a +0 pair of boots (worn)
   (You found it on level 1 of the Dungeon)
 o - a +1 hat (worn)
   (You found it on level 1 of the Dungeon)
 p - a +0 cloak (worn)
   (You found it on level 2 of the Dungeon)
Magical Staves
 e - a staff of poison {!astaff}
   (You found it on level 1 of the Dungeon)
Jewellery
 b - an amulet of the acrobat (around neck)
   (You found it on level 1 of the Dungeon)
 q - a +6 ring of dexterity
   (You found it on level 2 of the Dungeon)
Scrolls
 m - a scroll of teleportation {unknown}
 n - a scroll of enchant weapon {unknown}
Potions
 d - 2 potions of might
 f - a potion of enlightenment {unknown}
 k - a potion of resistance {unknown}
 l - 2 potions of degeneration {unknown}

Dungeon Overview and Level Annotations

Branches:
Dungeon (2/15) Zot: 10885

Altars:

#.# #.# #########
#.#######........
#†#.....+........
#######.#.#####........
.............†.........
#######.#....†.........
##.....#.####...........
............+...@.......
.....#.##.###.<..O......
##.#.#.##.# #..>........
#.#.#.##.# #...........
##.#.#..#.# #...........
##.#......#############.
.#.#............######
...#.....##..........#
##.#......+..........#


You could see an ogre.


Message History

You are frozen. 😕 HP[-3]
You take 3 damage, and now have 30/33 hp.
You hit the endoplasm. The endoplasm barely misses you.
The endoplasm freezes you.
You are frozen. 😕 HP[-2]
You take 2 damage, and now have 28/33 hp.
You completely miss the endoplasm. The endoplasm barely misses you.
You furiously retaliate!
You headbutt the endoplasm. You slash the endoplasm!
You kill the endoplasm!
No target in view!
No target in view!
You open the door.
There is an open door here.
You now have 53 gold pieces (gained 13).
You open the door.
There is an open door here.
Key pressed, stopping explore.
There is a stone staircase leading up here.
You open the door.
There is an open door here.
You open the door.
There is an open door here.
You see here a +0 robe.
You open the door.
There is an open door here.
A giant cockroach comes into view. 😎 HP[+5]
Your hp is fully restored (33).
An adder comes into view.
The adder hisses angrily.
The adder misses you.
You slash the adder!
You kill the adder!
Your Shields skill increases to level 4!
The giant cockroach completely misses you. x2
You barely miss the giant cockroach.
Your headbutt misses the giant cockroach.
The giant cockroach bites you but does no damage.
You hit the giant cockroach. You block the giant cockroach's attack.
The giant cockroach closely misses you.
You hit the giant cockroach.
The giant cockroach bites you but does no damage. x2
You slash the giant cockroach!
You kill the giant cockroach!
No target in view!
No target in view!
Found an escape hatch in the ceiling and an escape hatch in the floor.
An adder comes into view.
An adder is nearby!
A quokka comes into view.
A giant cockroach comes into view.
The adder completely misses you. You furiously retaliate!
You headbutt the adder. The adder barely misses you.
You miss the adder. You slash the quokka!
You kill the quokka!
The adder bites you but does no damage.
Your Armour skill increases to level 4!
You hit the adder but do no damage.
The adder bites you but does no damage. x2
You miss the adder. Your headbutt misses the adder.
You barely miss the giant cockroach. The adder bites you but does no damage.
The giant cockroach bites you but does no damage.
The adder bites you but does no damage.
You miss the adder. You hit the giant cockroach.
The giant cockroach bites you but does no damage.
The adder barely misses you. You furiously retaliate!
You headbutt the adder!
The giant cockroach bites you but does no damage.
The adder bites you but does no damage.
You slash the adder!
You kill the adder!
You barely miss the giant cockroach. The giant cockroach barely misses you.
The giant cockroach bites you but does no damage.
You slash the giant cockroach!
You kill the giant cockroach!
No target in view!
No target in view!
No target in view!
An adder comes into view.
The adder hisses angrily.
You hear a shout!
Things that are here:
a giant cockroach corpse; a quokka corpse An adder is nearby!
An ogre comes into view. It is wielding a +0 giant spiked club.
The ogre shouts!
You closely miss the adder. Your headbutt misses the adder.
The adder bites you but does no damage. x2
You slash the adder!
You kill the adder!
You slash the ogre!
The ogre hits you with a +0 giant spiked club!
Ouch! That really hurt!
* * * LOW HITPOINT WARNING * * *
😨 HP[-17]
You take 17 damage, and now have 16/33 hp.
MASSIVE DAMAGE!! (PAUSE)
You hit the ogre.
The ogre hits you with a +0 giant spiked club!
You die...

Skill      XL: |  1  2  3 |
---------------+----------+-----
Axes           | 3 |  3.6
Fighting       | 4 |  4.1
Shields        | 4 |  4.1
Armour         | 4 |  4.0
Throwing       | |  0.9

Action                     || total
---------------------------++-------
  Melee: War axe           ||    54
         Headbutt          ||     2
 Armour: Chain mail        ||    39
  Dodge: Dodged            ||    20
  Block: Buckler           ||     4

Levels and vault maps discovered:
D:1:      minmay_arrival_up_and_down, layout_loops_ring,
          chequers_serial_rivers_large_b
D:2:      layout_basic

Notes
Turn   | Place    | Note
-------+----------+-------------------------------------------
     0 | D:1      | Sanktem7 the Minotaur Fighter began the quest for the Orb.
     0 | D:1      | Reached XP level 1. HP: 19/19 MP: 0/0
     0 | D:1      | magus.rc [v1.9.6]
     5 | D:1      | You pick up a book of Party Tricks and begin reading...
     5 | D:1      | You add the spells Apportation, Jinxbite and Alistair's
                  | Intoxication to your library.
   238 | D:1      | Reached XP level 2. HP: 26/27 MP: 1/1
   256 | D:1      | You add the spells Sting, Poisonous Vapours and Olgreb's
                  | Toxic Radiance to your library.
   297 | D:1      | Reached skill level 3 in Axes
   797 | D:2      | Reached skill level 4 in Fighting
   844 | D:2      | Reached XP level 3. HP: 33/33 MP: 2/2
  1041 | D:2      | Reached skill level 4 in Shields
  1052 | D:2      | Reached skill level 4 in Armour
  1058 | D:2      | Noticed an ogre
  1063 | D:2      | Slain by an ogre

Vanquished Creatures
  3 adders (D:2)
  2 dart slugs
  4 endoplasms
  4 giant cockroaches (D:2)
  2 goblins (D:1)
  3 hobgoblins (D:1)
  2 kobolds (D:1)
  3 quokkas
  3 ball pythons
  2 bats (D:1)
  A frilled lizard (D:1)
  A rat (D:1)
30 creatures vanquished.

Table legend:
 A = Non-vault XP
 B = Vault XP
 C = Vault XP percentage of total XP
 D = Non-vault monster count
 E = Vault monster count
 F = Vault count percentage of total count
                 A         B        C        D         E       F
            +---------+---------+-------+---------+---------+-------
      Total |      92 |       0 |   0.0 |      30 |       0 |   0.0
            +---------+---------+-------+---------+---------+-------
        D:1 |      34 |       0 |   0.0 |      19 |       0 |   0.0
        D:2 |      58 |       0 |   0.0 |      11 |       0 |   0.0
            +---------+---------+-------+---------+---------+-------

Skill      XL: |  1  2  3 |
---------------+----------+-----
Axes           | 3 |  3.6
Fighting       | 4 |  4.1
Shields        | 4 |  4.1
Armour         | 4 |  4.0
Throwing       | |  0.9

Action                     || total
---------------------------++-------
  Melee: War axe           ||    54
         Headbutt          ||     2
 Armour: Chain mail        ||    39
  Dodge: Dodged            ||    20
  Block: Buckler           ||     4

Illustrated notes

Table legend:
 A = Kills in this place as a percentage of kills in the entire game.
 B = Kills by you in this place as a percentage of kills by you in the entire game.
 C = Kills by friends in this place as a percentage of kills by friends in the entire game.
 D = Other kills in this place as a percentage of other kills in the entire game.
 E = Experience gained in this place as a percentage of experience gained in the entire game.
 F = Experience gained in this place divided by the number of levels of this place that you have seen.
                   A       B       C       D       E      F
               +-------+-------+-------+-------+-------+----------------------
         Total | 100.0 | 100.0 |   N/A |   N/A | 100.0 |  46.0
       Dungeon | 100.0 | 100.0 |   N/A |   N/A | 100.0 |  46.0
               +-------+-------+-------+-------+-------+----------------------

Table legend: (Time is in decaauts)
 A = Elapsed time spent in this place.
 B = Non-inter-level travel time spent in this place.
 C = Inter-level travel time spent in this place.
 D = Time resting spent in this place.
 E = Time spent auto-exploring this place.
 F = Levels seen in this place.
 G = Mean time per level.
                   A        B        C        D        E       F      G
               +--------+--------+--------+--------+--------+-----+--------+
         Total |   1113 |   1032 |     81 |      0 |    838 |   2 |  556.5 |
       Dungeon |   1113 |   1032 |     81 |      0 |    838 |   2 |  556.5 |
               +--------+--------+--------+--------+--------+-----+--------+

Top non-repeatable levels by time:
     D:1: 828 daAuts
     D:2: 285 daAuts
